AoeStats
← pablokorycki

Arabian Desert

509708517Analyzed
1v1 RM · 4d ago on Sep 27, 2026· 48m 57s· 2 players
Game mode
Random Map
Map size
Tiny (2 player)
Population
200
Speed
Normal
Resources
Standard
Victory
Conquest
Starting age
Dark Age
Ending age
Imperial Age
RankedLock teamsTeams togetherTeam positionsShared explorationLock speedFull tech treeHidden civsTurbo modeCheats
Victory
Defeat
🇵🇱 Vikings · Poland
634
+14
🇹🇷 Khmer · Türkiye
596
-14
Çağrı Bey
3:08 Loom
13:01 Feudal Age
13:41 Double-Bit Axe
14:33 Wheelbarrow
14:00 Gold Mining
14:19 Town Watch
16:05 Stone Mining
19:12 Arson
20:27 Man-at-Arms
23:12 Bloodlines
22:56 Horse Collar
23:47 Scale Mail Armor
30:08 Scale Barding Armor
34:42 Castle Age
33:44 Forging
33:26 Fletching
33:40 Padded Archer Armor
35:39 Bow Saw
36:07 Gold Shaft Mining
35:50 Hand Cart
35:41 Heavy Plow
35:58 Chain Mail Armor
35:15 Long Swordsman
36:00 Light Cavalry
36:54 Pikeman
37:37 Husbandry
39:42 Iron Casting
41:24 Chain Barding Armor
44:03 Imperial Age
45:37 Stone Shaft Mining
46:09 Two-Handed Swordsman
pablokorycki
10:24 Feudal Age
8:39 Loom
18:16 Forging
22:16 Castle Age
25:20 Double-Bit Axe
25:16 Horse Collar
30:32 Iron Casting
30:04 Scale Barding Armor
34:44 Imperial Age
33:00 Bow Saw
32:52 Heavy Plow
35:23 Elite Berserk
36:34 Scale Mail Armor
36:58 Conscription
42:23 Blast Furnace
41:44 Chain Barding Armor
42:17 Chieftains
42:06 Cavalier
43:16 Chain Mail Armor
Connection lost

Rejoining the realm…

Still unreachable

The connection could not be restored.

Session expired

The server has moved on; the page needs a fresh start.